 Dungeon Crawl Stone Soup version 0.25-a0-886-gd7461d2276 (webtiles) character file.

Game seed: 10434503310678621912, levelgen mode: deterministic

28 Maedhros the Sneak (level 3, 0/23 HPs)
             Began as an Octopode Artificer on May 2, 2020.
             Slain by a goblin
             ... wielding a +0 dagger
              (3 damage)
             ... on level 2 of the Dungeon.
             The game lasted 00:00:46 (406 turns).

Maedhros the Sneak (Octopode Artificer)              Turns: 406, Time: 00:00:47

Health: 0/23       AC:  1    Str: 11    XL:     3   Next: 14%
Magic:  5/5        EV: 13    Int: 13    God:
Gold:   39         SH:  0    Dex: 13    Spells: 2/2 levels left

rFire    . . .     SeeInvis .   a - +0 short sword
rCold    . . .     Gourm    .   (no shield)
rNeg     . . .     Faith    .   (helmet restricted)
rPois    .         Spirit   .   (no amulet)
rElec    .         Reflect  .   (no ring)
rCorr    .         Harm     .   (no ring)
MR       .....                  (no ring)
Stlth    +++.......             (no ring)
HPRegen  0.07/turn              (no ring)
MPRegen  0.09/turn              (no ring)
                                (no ring)
                                (no ring)

@: mighty
A: almost no armour, stealthy swim, amphibious, 8 rings, constrict 8, camouflage
1, gelatinous body 1
a: no special abilities


You were on level 2 of the Dungeon.
You were not hungry.

You visited 1 branch of the dungeon, and saw 2 of its levels.

You collected 39 gold pieces.

Inventory:

Hand Weapons
 a - a +0 short sword (weapon)
Wands
 b - a wand of flame (15)
 c - a wand of enslavement (15)
 d - a wand of random effects (15)
Scrolls
 e - a scroll of identify {unknown}
Comestibles
 f - 2 rations


   Skills:
 - Level 1.0 Fighting
 - Level 1.0 Short Blades
 - Level 2.0 Dodging
 - Level 4.0 Stealth
 + Level 1.0 Unarmed Combat
 - Level 3.2 Evocations


You had 2 spell levels left.
You didn't know any spells.
Your spell library was empty.

Dungeon Overview and Level Annotations

Branches:
Dungeon (2/15)

Altars:


Innate Abilities, Weirdness & Mutations

You cannot wear most types of armour.
You are very stealthy in the water. (Stealth+)
You are amphibious.
You can wear up to eight rings at the same time.
You can use your tentacles to constrict eight enemies at once.
Your skin changes colour to match your surroundings (Stealth+).
Your rubbery body absorbs attacks. (AC +1, EV +1)


Message History

Increase (S)trength, (I)ntelligence, or (D)exterity?
You feel agile.
You feel sick.
You feel sick.
A kobold comes into view. It is wielding a +0 whip.
You feel sick.
You see here a smoky ruby potion.
g - a smoky ruby potion It was a potion of might.
You feel very mighty all of a sudden.
You feel sick.
You start resting.
You feel sick. x2
You are no longer poisoned.
The goblin shouts!
The goblin hits you with a +0 dagger.
* * * LOW HITPOINT WARNING * * *
You completely miss the goblin. Your grab misses the goblin.
The goblin hits you with a +0 dagger.
You die...

#.# #.....>..........#
#.# ######..†...#.##.#
#.# #.##...#.# # #.#
#.#..>..†# #.#
#.#?...### #.#
#.#....#### ##.######
#..........
)........########..#####
###.####.......g@..#
.##.# .##.....?.# .##.#
#.######..# .##†# #. .##
....# ## .##.## .....#
###.## #<#


You could see a goblin.

Vanquished Creatures
  An adder (D:2)
  A worm (D:2)
  A leopard gecko (D:2)
  3 bats
  A giant cockroach (D:1)
  A hobgoblin (D:2)
  4 jackals (D:2)
  A frilled lizard (D:1)
  A goblin (D:1)
  A rat (D:1)
15 creatures vanquished.

Notes
Turn   | Place    | Note
-------+----------+-------------------------------------------
     0 | D:1      | Maedhros the Octopode Artificer began the quest for the
                  | Orb.
     0 | D:1      | Reached XP level 1. HP: 13/13 MP: 3/3
    19 | D:1      | Noticed an electric eel
    52 | D:1      | Reached skill level 2 in Stealth
    97 | D:2      | Reached skill level 3 in Stealth
    97 | D:2      | Reached XP level 2. HP: 13/18 MP: 4/4
   385 | D:2      | Reached skill level 4 in Stealth
   385 | D:2      | Reached skill level 1 in Unarmed Combat
   385 | D:2      | Reached XP level 3. HP: 9/23 MP: 5/5
   406 | D:2      | Slain by a goblin

Levels and vault maps discovered:
D:1:      arrival_aquarium_a, layout_loops_ring, minmay_liquid_box
D:2:      layout_loops_cross

Skill      XL: |  1  2 |
---------------+-------+-----
Stealth        | 3 4 |  4.0
Unarmed Combat | 1 |  1.0
Fighting       | |  1.0
Short Blades   | |  1.0
Dodging        | |  2.0
Evocations     | |  3.2

Action                   || total
-------------------------++-------
Melee: Short sword       ||    40
       Constrict         ||    12
       Tentacles         ||     4
  Use: Potion            ||     1
 Stab: Sleeping          ||     2
       Distracted        ||     1
Armor: Skin              ||     6
Dodge: Dodged            ||    26

Table legend:
 A = Non-vault XP
 B = Vault XP
 C = Vault XP percentage of total XP
 D = Non-vault monster count
 E = Vault monster count
 F = Vault count percentage of total count
                 A         B        C        D         E       F
            +---------+---------+-------+---------+---------+-------
      Total |      41 |       0 |   0.0 |      15 |       0 |   0.0
            +---------+---------+-------+---------+---------+-------
        D:1 |       9 |       0 |   0.0 |       6 |       0 |   0.0
        D:2 |      32 |       0 |   0.0 |       9 |       0 |   0.0
            +---------+---------+-------+---------+---------+-------
